 Dungeon Crawl Stone Soup version 0.25-a0-576-g50b708a4c4 (webtiles) character file.

Game seed: 4639991923300567314, levelgen mode: deterministic

25 Flugslaktarn the Covered (level 2, -1/27 HPs)
             Began as a Deep Dwarf Fighter on Mar 2, 2020.
             Slain by an iron imp (6 damage)
             ... summoned by Natasha
             ... on level 3 of the Dungeon.
             The game lasted 00:00:20 (484 turns).

Flugslaktarn the Covered (Deep Dwarf Fighter)        Turns: 484, Time: 00:00:20

Health: -1/27      AC:  6    Str: 19    XL:     2   Next: 82%
Magic:  0/0        EV:  7    Int:  8    God:
Gold:   28         SH:  8    Dex: 12    Spells: 1/1 levels left

rFire    . . .     SeeInvis .   a - +0 war axe
rCold    . . .     Gourm    .   c - +0 kite shield
rNeg     . . .     Faith    .   b - +0 scale mail
rPois    .         Spirit   .   (no helmet)
rElec    .         Reflect  .   (no cloak)
rCorr    .         Harm     .   (no gloves)
MR       .....                  (no boots)
Stlth    ..........             h - amulet of inaccuracy (curse)
HPRegen  0.00/turn              (no ring)
MPRegen  0.07/turn              (no ring)

@: non-regenerating, heavily drained
A: damage resistance, heal wounds, sense surroundings 1, no regeneration
a: Heal Wounds


You were on level 3 of the Dungeon.
You were not hungry.

You visited 1 branch of the dungeon, and saw 3 of its levels.

You collected 28 gold pieces.

Inventory:

Hand Weapons
 a - a +0 war axe (weapon)
Armour
 b - a +0 scale mail (worn)
 c - a +0 kite shield (worn)
Jewellery
 h - a cursed amulet of inaccuracy (around neck)
   (You found it on level 2 of the Dungeon)
Scrolls
 f - 2 scrolls of identify {unknown}
Potions
 d - a potion of might
 i - a potion of curing {unknown}
 j - a potion of flight {unknown}
Comestibles
 e - 3 rations
 g - 5 chunks of flesh


   Skills:
 + Level 2.9(1.7) Fighting
 * Level 2.9(1.7) Axes
 + Level 3.5(2.3) Armour
 + Level 3.5(2.3) Shields


You had one spell level left.
You didn't know any spells.
Your spell library was empty.

Dungeon Overview and Level Annotations

Branches:
Dungeon (3/15)

Altars:

Annotations:
D:3 Natasha


Innate Abilities, Weirdness & Mutations

You are resistant to damage.
You can heal yourself by infusing magical energy.
You passively map a small area around you.
You do not regenerate.


Message History

You block the shadow imp's attack.
The orc wizard hits you but does no damage.
The orc hits you but does no damage.
You are too injured to fight recklessly!
You are too injured to fight recklessly!
You are too injured to fight recklessly!
You are too injured to fight recklessly!
You are too injured to fight recklessly!
You are too injured to fight recklessly!
You are too injured to fight recklessly!
Your shield prevents you from hitting Natasha.
Natasha is lightly wounded.
You miss the orc wizard. You barely miss the iron imp.
You closely miss the shadow imp. You closely miss the orc. x2
The orc wizard hits you with a +0 dagger.
Natasha casts a spell at you. You resist with some effort.
The shadow imp barely misses you.
The orc priest looks satisfied for a moment.
The iron imp hits you!
You die...

* , , ,, , , > * *
#########.. #..........
#.........# ' #.........#
#.........' ,
###############5oh......#
*
................@oo......
, *
###############.5o...%..#
* #.........# * *
#####..#### *...# , * *
#.# ..#* , ##### * * *
... ..... * * ..


You could see an iron imp, an orc priest, an orc wizard, Natasha, a shadow imp
and 2 orcs.

Vanquished Creatures
  2 leopard geckos (D:1)
  3 orcs (D:3)
  A giant cockroach (D:3)
  A goblin (D:1)
  3 hobgoblins
  3 jackals (D:3)
  A bat (D:2)
  3 kobolds
17 creatures vanquished.

Notes
Turn   | Place    | Note
-------+----------+-------------------------------------------
     0 | D:1      | Flugslaktarn the Deep Dwarf Fighter began the quest for the
                  | Orb.
     0 | D:1      | Reached XP level 1. HP: 20/20 MP: 1/1
   120 | D:1      | Reached XP level 2. HP: 21/27 MP: 2/2
   460 | D:3      | Noticed Natasha
   484 | D:3      | Slain by an iron imp

Levels and vault maps discovered:
D:1:      eino_arrival_water_star, layout_basic, roderic_lattice_a,
          chequers_serial_rivers_micro_b
D:2:      layout_loops_corners
D:3:      layout_basic, nicolae_ru_the_path_less_chosen,
          trog_three_pillars_becter, uniq_natasha, uniq_ijyb, uniq_sigmund

Action                   || total
-------------------------++-------
Melee: War axe           ||    63
 Abil: Heal Wounds       ||     3
Armor: Scale mail        ||    48
Dodge: Dodged            ||    40
Block: Kite shield       ||    58

Table legend:
 A = Non-vault XP
 B = Vault XP
 C = Vault XP percentage of total XP
 D = Non-vault monster count
 E = Vault monster count
 F = Vault count percentage of total count
                 A         B        C        D         E       F
            +---------+---------+-------+---------+---------+-------
      Total |      36 |       0 |   0.0 |      17 |       0 |   0.0
            +---------+---------+-------+---------+---------+-------
        D:1 |      13 |       0 |   0.0 |       6 |       0 |   0.0
        D:2 |       5 |       0 |   0.0 |       3 |       0 |   0.0
        D:3 |      18 |       0 |   0.0 |       8 |       0 |   0.0
            +---------+---------+-------+---------+---------+-------
